 Dungeon Crawl Stone Soup version 0.29.1-1-gd02db6906a (webtiles) character file.

Game seed: 11735507235514049877

46 AarnesTheHuman the Chopper (level 3, -8/31 HPs)
             Began as a Hill Orc Monk on Oct 4, 2022.
             Mangled by an orc
             ... wielding a +0 mace
              (9 damage)
             ... on level 3 of the Dungeon.
             The game lasted 00:04:31 (2275 turns).

AarnesTheHuman the Chopper (Hill Orc Monk)          Turns: 2275, Time: 00:04:31

Health: -8/31      AC: 11    Str: 15    XL:     3   Next: 66%
Magic:  3/3        EV:  6    Int: 10    God:
Gold:   96         SH:  0    Dex: 13    Spells: 2/2 levels left

rFire   . . .      SeeInvis .   a - +0 hand axe
rCold   + . .      Faith    .   e - orb {mayhem}
rNeg    . . .      Spirit   .   k - +1 chain mail
rPois   .          Reflect  .   (no helmet)
rElec   .          Harm     .   (no cloak)
rCorr   .          Rampage  .   (no gloves)
Will    .....                   (no boots)
Stlth   ..........              (no amulet)
HPRegen 0.10/turn               (no ring)
MPRegen 0.08/turn               (no ring)

@: unable to drink
A: iridescent scales 1, cold resistance 1, inability to drink after injury 2
a: no special abilities


You were on level 3 of the Dungeon.
You visited 1 branch of the dungeon, and saw 3 of its levels.

You collected 96 gold pieces.

Inventory:

Hand Weapons
 a - a +0 hand axe (weapon)
Missiles
 j - 13 stones (quivered)
Armour
 b - a +0 robe
 e - an orb of mayhem (worn)
 k - a +1 chain mail (worn)
Scrolls
 g - a scroll of teleportation
Potions
 c - a potion of ambrosia
 d - a potion of mutation
 i - a potion of lignification {unknown}
 l - 2 potions of heal wounds {unknown}


   Skills:
 - Level 3.6 Fighting
 + Level 6.0 Axes
 - Level 2.4 Dodging
 - Level 1.5 Stealth


You had 2 spell levels left.
You didn't know any spells.
Your spell library was empty.

Dungeon Overview and Level Annotations

Branches:
Dungeon (3/15)

Altars:
Fedhas


Innate Abilities, Weirdness & Mutations

You are partially covered in iridescent scales. (AC +2)
Your flesh is cold resistant. (rC+)
You sometimes lose the ability to drink potions when taking damage.


Message History

The endoplasm hits you but does no damage.
You hit the orc but do no damage.
The orc is severely wounded.
You hit the endoplasm. The orc completely misses you.
The endoplasm hits you but does no damage.
You closely miss the orc.
The orc is severely wounded.
You barely miss the endoplasm. The orc hits you with a +0 mace.
The endoplasm freezes you.
You are frozen.
You resist.
You hit the orc.
The orc is almost dead.
You hit the endoplasm.
You kill the endoplasm!
The orc flies into a frenzy!
The orc hits you but does no damage.
You closely miss the orc.
The orc is almost dead.
The orc hits you with a +0 mace.
You feel threatened and lose the ability to drink potions!
The orc hits you with a +0 mace.
You hit the orc but do no damage.
The orc is almost dead.
The orc hits you but does no damage.
You hit the orc but do no damage.
The orc is almost dead.
The orc hits you but does no damage. The orc hits you with a +0 mace.
You barely miss the orc.
The orc is almost dead.
The orc hits you with a +0 mace.
* * * LOW HITPOINT WARNING * * *
You barely miss the orc.
The orc is almost dead.
The orc hits you with a +0 mace!
* * * LOW HITPOINT WARNING * * *
The orc hits you with a +0 mace.
* * * LOW HITPOINT WARNING * * *
You barely miss the orc.
The orc is almost dead.
The orc hits you with a +0 mace!
You die...

!... ...> ## ..... .#
##..... .#########
###....... .#<.......
......... .รท.#######
###.o...... ##.##
#..@....... ....##
##.#........ ###..##
#..#........
###...#######.##........
......................[.
####...####...##........
#...####.####........
.....#....#.# #........
.....#......####.. ..


You could see a neutral orc (fast, strong, insane).

Vanquished Creatures
  A dart slug (D:3)
  8 ball pythons
  2 bats (D:1)
  8 endoplasms
  A giant cockroach (D:1)
  4 goblins
  5 hobgoblins (D:1)
  2 quokkas
  3 frilled lizards
  2 rats
36 creatures vanquished.

Notes
Turn   | Place    | Note
-------+----------+-------------------------------------------
     0 | D:1      | AarnesTheHuman the Hill Orc Monk began the quest for the
                  | Orb.
     0 | D:1      | Reached XP level 1. HP: 19/19 MP: 1/1
   185 | D:1      | Reached XP level 2. HP: 11/26 MP: 2/2
   385 | D:1      | Found a faded altar of an unknown god.
   464 | D:1      | Reached skill level 5 in Axes
  1095 | D:1      | Reached XP level 3. HP: 31/31 MP: 3/3
  1591 | D:2      | Gained mutation: Your spells are a little easier to cast,
                  | but a little less powerful. [potion of mutation]
  1591 | D:2      | Gained mutation: You have a pair of small horns on your
                  | head. [potion of mutation]
  1592 | D:2      | Lost mutation: Your spells are a little easier to cast, but
                  | a little less powerful. [potion of mutation]
  1592 | D:2      | Lost mutation: You have a pair of small horns on your head.
                  | [potion of mutation]
  1592 | D:2      | Gained mutation: You are partially covered in iridescent
                  | scales. (AC +2) [potion of mutation]
  1592 | D:2      | Gained mutation: You occasionally lose the ability to drink
                  | potions when taking damage. [potion of mutation]
  1592 | D:2      | Gained mutation: You sometimes lose the ability to drink
                  | potions when taking damage. [potion of mutation]
  1592 | D:2      | Gained mutation: Your flesh is cold resistant. (rC+)
                  | [potion of mutation]
  1727 | D:2      | Noticed a black bear
  2124 | D:3      | Reached skill level 6 in Axes
  2213 | D:3      | Found a blossoming altar of Fedhas.
  2274 | D:3      | HP: 1/31 [orc/+0 mace (1)]
  2275 | D:3      | Mangled by an orc

Illustrated notes

Levels and vault maps discovered:
D:1:      minmay_arrival_jagged, layout_loops_corners,
          hellmonk_ecumenical_altar_slurped_away
D:2:      layout_basic, wad_floor_pattern_untrapped, cheibrodos_gnoll_hut
D:3:      layout_rooms, mainiacjoe_overflow_paths, uniq_grinder

Skill      XL: |  1  2  3 |
---------------+----------+-----
Axes           | 5 6 |  6.0
Fighting       | |  3.6
Dodging        | |  2.4
Stealth        | |  1.5

Action                   || total
-------------------------++-------
Melee: Hand axe          ||   106
       Punch             ||     1
  Use: Scroll            ||     5
       Potion            ||     2
 Stab: Sleeping          ||     3
Armor: Robe              ||    12
       Chain mail        ||    30
Dodge: Dodged            ||    35
